 Dungeon Crawl Stone Soup version 0.20-a0-947-g2784f4f (webtiles) character file.

255 Lifeless the Ducker (level 5, -5/28 HPs)
             Began as a Spriggan Fighter on Apr 2, 2017.
             Killed by nerve-wracking pain
             ... invoked by Grinder
              (10 damage)
             ... on level 3 of the Dungeon.
             The game lasted 00:18:41 (4433 turns).

Lifeless the Ducker (Spriggan Fighter)              Turns: 4433, Time: 00:18:42

Health: -5/28      AC:  3    Str: 13    XL:     5   Next: 91%
Magic:  6/6        EV: 21    Int:  9    God:
Gold:   191        SH:  6    Dex: 16    Spells: 4/4 levels left

rFire    . . .     SeeInvis +   a - +0 rapier
rCold    . . .     Gourm    .   c - +0 buckler
rNeg     . . .     Faith    .   b - +0 robe
rPois    .         Spirit   .   (helmet restricted)
rElec    .         Reflect  .   i - +0 cloak
rCorr    .         Harm     .   (gloves unavailable)
MR       .....                  (boots unavailable)
Stlth    +++.......             (no amulet)
Regen    0.1/turn               (no ring)
MPRegen  0.1/turn               (no ring)

@: very quick
A: unfitting armour, see invisible, herbivore 3, speed 3, slow metabolism 2
a: no special abilities


You were on level 3 of the Dungeon.
You were full.

You visited 1 branch of the dungeon, and saw 3 of its levels.

You collected 191 gold pieces.

Inventory:

Hand Weapons
 a - a +0 rapier (weapon)
Armour
 b - a +0 robe (worn)
 c - a +0 buckler (worn)
 i - a +0 cloak (worn)
Wands
 m - a wand of clouds (2/9)
Scrolls
 d - a scroll of identify {unknown}
 e - 2 scrolls of remove curse
 g - 2 scrolls of fear {unknown}
 k - a scroll of fog {unknown}
 o - a scroll of recharging {unknown}
Potions
 h - 3 potions of brilliance {unknown}
 j - a potion of resistance {unknown}
 l - 2 potions of curing {unknown}
 n - a potion of heal wounds {unknown}
Comestibles
 f - a bread ration


   Skills:
 + Level 2.8 Fighting
 * Level 3.5 Short Blades
 * Level 6.6 Dodging
 * Level 4.4 Stealth
 + Level 2.6 Shields


You had 4 spell levels left.
You didn't know any spells.

Dungeon Overview and Level Annotations

Branches:
Dungeon (3/15)

Altars:
Ashenzari
Sif Muna
Trog
Uskayaw

Annotations:
D:3 Grinder, Sigmund


Innate Abilities, Weirdness & Mutations

You are very small and have problems with some larger weapons.
You are too small for most types of armour.
You have supernaturally acute eyesight. (SInv)
You are a herbivore.
You cover ground extremely quickly.
You need consume almost no food.


Message History

Grinder gestures at you.
You suddenly lose the ability to move!
Grinder blinks!
Grinder gestures at you. You resist with some effort. Grinder hits you!
* * * LOW HITPOINT WARNING * * *
You can move again.
Grinder gestures at you. You resist with some effort. Grinder gestures at you.
You resist with some effort.
As you read the scroll labeled JAXIUPA MATRAPASS, it crumbles to dust.
You feel blessed for a moment.
It was a scroll of remove curse.
Grinder gestures at you.
You suddenly lose the ability to move!
You can move again.
Grinder gestures at you. Pain shoots through your body!
You die...

#.......#...#'#.#†#
#....#..........#.#
######..........#..
#..........### #.............
#.........##.. ######.#...+..
#.###################.#####..
#>.....)....@...5.........'..
########.##################..
#.......# ### #......†#
#...o...# #.......'.o...r
#...5...###..!. '.o...... ..
#........


You could see Grinder.

Vanquished Creatures
  An orc priest (D:3)
  Crazy Yiuf (D:2)
  Jessica (D:3)
  Robin (D:2)
  4 adders
  An ooze (D:1)
  3 worms
  2 dart slugs
  The ghost of KittyKat the Chiller, a weakling FeIE (D:3)
  A leopard gecko (D:2)
  6 orcs (D:3)
  7 bats
  4 giant cockroaches
  18 goblins
  17 hobgoblins
  4 jackals (D:1)
  2 quokkas (D:2)
  5 frilled lizards
  6 kobolds
  9 rats
94 creatures vanquished.

Notes
Turn   | Place    | Note
-------+----------+-------------------------------------------
     0 | D:1      | Lifeless the Spriggan Fighter began the quest for the Orb.
     0 | D:1      | Reached XP level 1. HP: 11/11 MP: 2/2
    96 | D:1      | Reached skill level 1 in Stealth
   315 | D:1      | Reached XP level 2. HP: 10/16 MP: 3/3
   328 | D:1      | Reached skill level 5 in Dodging
   759 | D:1      | Reached XP level 3. HP: 19/19 MP: 4/4
  1068 | D:2      | Found a bloodstained altar of Trog.
  1255 | D:2      | Noticed Robin
  1588 | D:2      | Found a shattered altar of Ashenzari.
  1641 | D:2      | Reached XP level 4. HP: 18/23 MP: 5/5
  1805 | D:2      | Found a hide-covered altar of Uskayaw.
  1982 | D:2      | Found a deep blue altar of Sif Muna.
  2025 | D:2      | Killed Robin
  2215 | D:2      | Found a runed door.
  2219 | D:2      | Noticed Crazy Yiuf
  2227 | D:2      | Killed Crazy Yiuf
  2227 | D:2      | Reached skill level 6 in Dodging
  2513 | D:3      | Reached XP level 5. HP: 15/28 MP: 6/6
  2814 | D:3      | Noticed KittyKat's ghost (weakling FeIE)
  2846 | D:3      | Killed KittyKat's ghost
  3895 | D:3      | Noticed Sigmund
  3931 | D:3      | Noticed Jessica
  3939 | D:3      | Killed Jessica
  4350 | D:3      | Noticed Grinder
  4418 | D:3      | Paralysed by Grinder for 4 turns
  4428 | D:3      | Paralysed by Grinder for 4 turns
  4433 | D:3      | Killed from afar by Grinder

Vault maps used:
D:1:      lightli_arrival_statue_moat
D:2:      old_standard_altar, old_standard_altar,
          nicolae_overflow_hidden_temple, first_bread, evilmike_ruin_ashenzari,
          uniq_crazy_yiuf_cottage, uniq_robin
D:3:      minmay_misc_feat_four_crosses, minmay_goblin_kobold_house,
          uniq_sigmund, uniq_jessica, uniq_grinder

Skill      XL: |  1  2  3  4  5 |
---------------+----------------+-----
Stealth        | 1 2 3 4 |  4.4
Dodging        | 5 6 |  6.6
Short Blades   | 3 |  3.5
Fighting       | |  2.8
Shields        | |  2.6

Action                   |  1- 3 |  4- 6 || total
-------------------------+-------+-------++-------
Melee: Rapier            |   131 |   219 ||   350
  Use: Potion            |     1 |       ||     1
       Scroll            |       |     1 ||     1
 Stab: Sleeping          |     2 |     3 ||     5
  Eat: Bread ration      |       |     1 ||     1
Armor: Robe              |    10 |     9 ||    19
Dodge: Dodged            |   107 |   114 ||   221
Block: Buckler           |    33 |    47 ||    80
